 Dungeon Crawl Stone Soup version 0.19-a0-1899-g2d93087 (webtiles) character file.

7 esc the Firebug (level 1, 0/10 HPs)
             Began as a Deep Elf Fire Elementalist on Oct 19, 2016.
             Killed from afar by a dart slug (5 damage)
             ... with a slug dart
             ... on level 1 of the Dungeon.
             The game lasted 00:00:28 (59 turns).

esc the Firebug (Deep Elf Fire Elementalist)          Turns: 59, Time: 00:00:29

Health: 0/10       AC:  2    Str:  5    XL:     1   Next: 91%
Magic:  1/6        EV: 13    Int: 19    God:
Gold:   8          SH:  0    Dex: 15    Spells: 1 memorised, 5 levels left

rFire  . . .     SeeInvis .     d - +0 club
rCold  . . .     Gourm    .     a - +0 robe
rNeg   . . .     Faith    .     (no shield)
rPois  .         Spirit   .     (no helmet)
rElec  .         Reflect  .     (no cloak)
rCorr  .         Harm     .     (no gloves)
MR     .....                    (no boots)
Stlth  ++........               (no amulet)
                                (no ring)
                                (no ring)

@: no status effects
A: no striking features
a: no special abilities


You were on level 1 of the Dungeon.
You were not hungry.

You visited 1 branch of the dungeon, and saw 1 of its levels.

You collected 8 gold pieces.

Inventory:

Hand Weapons
 d - a +0 club (weapon)
   (You took it off a hobgoblin on level 1 of the Dungeon)
Armour
 a - a +0 robe (worn)
Books
 b - a book of Flames
Comestibles
 c - a bread ration {@e1}


   Skills:
 + Level 0.0 Fighting
 + Level 2.6 Dodging
 - Level 2.4 Stealth
 + Level 3.4 Spellcasting
 + Level 1.1 Conjurations
 + Level 3.5 Fire Magic


You had 5 spell levels left.
You knew the following spells:

 Your Spells              Type           Power        Failure   Level  Hunger
a - Flame Tongue          Conj/Fire      ##...        8%          1    None


Dungeon Overview and Level Annotations

Branches:
Dungeon (1/15)

Altars:


Message History

Welcome, esc the Deep Elf Fire Elementalist.
The bosom of this dungeon contains the fabled artefact, the Orb of Zot.
Found an escape hatch in the floor.
Found a staircase leading out of the dungeon.
You open the door.
There is an open door here.
You now have 8 gold pieces.
You open the door.
A frilled lizard comes into view.
Aim: a frilled lizard (resting)
The flame tongue hits the frilled lizard.
You kill the frilled lizard!
You now have 5/6 mp.
There is an open door here.
You open the door.
There is an open door here.
You open the door.
There is an open door here.
A dart slug comes into view.
MP restored: 6
Aim: a dart slug (resting)
The flame tongue hits the dart slug.
You now have 5/6 mp.
Aim: a dart slug (almost dead)
The flame tongue hits the dart slug.
You kill the dart slug!
You now have 4/6 mp.
A hobgoblin comes into view. It is wielding a club.
The hobgoblin shouts!
Aim: a hobgoblin, wielding a club The flame tongue hits the hobgoblin.
You now have 3/6 mp.
Aim: a hobgoblin, wielding a club (severely wounded)
The flame tongue hits the hobgoblin.
You kill the hobgoblin!
You now have 2/6 mp.
d - a club Wield which item (- for none, * to show all)? (? for menu, Esc to quit)
d - a +0 club (weapon)
A kobold comes into view. It is wielding a short sword.
A dart slug comes into view.
A hobgoblin comes into view.
The kobold shouts!
The kobold throws a stone.
The stone barely misses you.
The hobgoblin shouts!
Aim: a kobold, wielding a short sword The flame tongue misses the kobold.
You hit the kobold but do no damage. The kobold hits you with a short sword.
You take 1 damage, and have 9/10 hp.
You hit the kobold. The kobold barely misses you.
The kobold hits you with a short sword.
You take 4 damage, and have 5/10 hp.
MASSIVE DAMAGE!!
Aim: a kobold, wielding a short sword (severely wounded)
The flame tongue hits the kobold.
You kill the kobold!
The hobgoblin closely misses you.
You now have 2/6 mp.
Aim: a hobgoblin The flame tongue hits the hobgoblin.
You kill the hobgoblin!
You now have 1/6 mp.
You see here a short sword.
The dart slug launches a dart at you. The slug dart misses you.
The dart slug launches a dart at you. The slug dart hits you!
Ouch! That really hurt!
You die...

..... ######...# ......
....+...+ # .....#
#...#...# .# . ....#
#.......# ..#
..#.###..###.......#....
..#.#....w...........###
........................
.............)..@.......
.......(..#.†.##.####..
..#......##### +#
#...........
#...........
##...........
#...........
#...........
#...........


You could see a dart slug.

Vanquished Creatures
  A dart slug (D:1)
  2 hobgoblins (D:1)
  A kobold (D:1)
  A frilled lizard (D:1)
5 creatures vanquished.

Notes
Turn   | Place    | Note
-------+----------+-------------------------------------------
     0 | D:1      | esc the Deep Elf Fire Elementalist began the quest for the Orb.
     0 | D:1      | Reached XP level 1. HP: 10/10 MP: 6/6
    59 | D:1      | Killed from afar by a dart slug

Vault maps used:
D:1:      shiori_arrival_maze

Action                   || total
-------------------------++-------
Melee: Club              ||     2
 Cast: Flame Tongue      ||     8
Dodge: Dodged            ||     4

Vault maps used:
D:1:      shiori_arrival_maze

Table legend:
 A = Turns spent in this place as a percentage of turns spent in the entire game.
 B = Non-inter-level travel turns spent in this place as a percentage of non-inter-level travel turns spent in the entire game.
 C = Inter-level travel turns spent in this place as a percentage of turns spent in this place.
 D = Turns resting spent in this place as a percentage of non-inter-level travel turns spent in this place.
 E = Turns spent auto-exploring this place as a percentage of non-inter-level travel turns spent in this place.
 F = Non-inter-level travel turns spent in this place divided by the number of levels of this place that you've seen.
                   A       B       C       D       E      F
               +-------+-------+-------+-------+-------+----------------------
         Total | 100.0 | 100.0 |   0.0 |   0.0 |  14.3 |  28.0
       Dungeon | 100.0 | 100.0 |   0.0 |   0.0 |  14.3 |  28.0
               +-------+-------+-------+-------+-------+----------------------

Table legend:
 A = Kills in this place as a percentage of kills in entire the game.
 B = Kills by you in this place as a percentage of kills by you in the entire game.
 C = Kills by friends in this place as a percentage of kills by friends in the entire game.
 D = Other kills in this place as a percentage of other kills in the entire game.
 E = Experience gained in this place as a percentage of experience gained in the entire game.
 F = Experience gained in this place divided by the number of levels of this place that you have seen.
                   A       B       C       D       E      F
               +-------+-------+-------+-------+-------+----------------------
         Total | 100.0 | 100.0 |  -nan |  -nan | 100.0 |  11.0
       Dungeon | 100.0 | 100.0 |  -nan |  -nan | 100.0 |  11.0
               +-------+-------+-------+-------+-------+----------------------
